 Dungeon Crawl Stone Soup version 0.23.2-30-g0e89c35649 (webtiles) character file.

Game seed: 13529443053538651135

120 Folque the Digger (level 4, 0/36 HPs)
             Began as a Draconian Earth Elementalist on June 25, 2019.
             Slain by an orc
             ... wielding a +0 falchion
              (2 damage)
             ... on level 2 of the Dungeon.
             The game lasted 00:07:02 (1955 turns).

Folque the Digger (Draconian Earth Elementalist)    Turns: 1955, Time: 00:07:03

Health: 0/36       AC:  5    Str: 11    XL:     4   Next: 75%
Magic:  0/8        EV: 12    Int: 16    God:
Gold:   117        SH:  0    Dex: 11    Spells: 2/8 levels left

rFire    . . .     SeeInvis .   g - +0 dagger
rCold    . . .     Gourm    .   (no shield)
rNeg     . . .     Faith    .   (armour unavailable)
rPois    .         Spirit   .   (helmet restricted)
rElec    .         Reflect  .   (no cloak)
rCorr    .         Harm     .   (no gloves)
MR       .....                  (no boots)
Stlth    ++........             (no amulet)
HPRegen  0.12/turn              (no ring)
MPRegen  0.11/turn              (no ring)

@: no status effects
A: unfitting armour, cold-blooded, AC +5
a: no special abilities


You were on level 2 of the Dungeon.
You were hungry.

You visited 1 branch of the dungeon, and saw 3 of its levels.

You collected 117 gold pieces.

Inventory:

Hand Weapons
 g - a +0 dagger (weapon)
 j - a +0 mace of crushing
Missiles
 b - 54 stones (quivered)
 p - 5 javelins
Scrolls
 a - a scroll of enchant armour {unknown}
 f - a scroll of fog {unknown}
 h - a scroll of amnesia {unknown}
 k - 2 scrolls of identify {unknown}
 m - 2 scrolls of immolation {unknown}
Potions
 d - 2 potions of curing {unknown}
 e - a potion of mutation {unknown}
 i - a potion of haste {unknown}
 l - a potion of degeneration {unknown}
 o - a potion of flight {unknown}
Comestibles
 c - 7 rations


   Skills:
 - Level 2.0 Fighting
 - Level 1.7 Dodging
 - Level 1.7 Stealth
 * Level 2.9 Spellcasting
 - Level 2.1 Conjurations
 - Level 1.0 Transmutations
 + Level 3.8 Earth Magic


You had 2 spell levels left.
You knew the following spells:

 Your Spells              Type           Power        Failure   Level  Hunger
a - Sandblast             Erth           ##....       4%          1    #......
b - Passwall              Tmut/Erth      ##......     11%         2    ##.....
c - Stone Arrow           Conj/Erth      ##....       17%         3    ###....

Your spell library contained the following spells:

 Spells                   Type           Power        Failure   Level  Hunger
 Petrify                  Tmut/Erth      ##......     56%         4    #####..
 Lee's Rapid Deconstruct  Erth           ##........   73%         5    ######.


Dungeon Overview and Level Annotations

Branches:
Dungeon (3/15)

Altars:


Innate Abilities, Weirdness & Mutations

Your plain brown scales are hard. (AC +5)
You cannot fit into any form of body armour.
You are cold-blooded and may be slowed by cold attacks.


Message History

You hit the orc.
Your tail-slap misses the orc.
The orc is almost dead.
The orc hits you with a +0 falchion.
* * * LOW HITPOINT WARNING * * *
Casting: Sandblast (safe; 4% risk of failure)
Confirm with . or Enter, or press ? or * to list all spells.
Aiming: Sandblast (safe; 4% risk of failure)
Press: ? - help, Shift-Dir - straight line, f/p - orc
Aim: an orc, wielding a +0 falchion and wearing a +0 chain mail (almost dead)
The blast of sand hits the orc but does no damage.
The orc is almost dead.
b - 54 stones The orc hits you but does no damage.
You barely miss the orc.
The orc is almost dead.
The orc barely misses you.
You hit the orc but do no damage.
The orc is almost dead.
The orc hits you with a +0 falchion.
You die...

### #####.#########
#..............
#.##....#######
#.##...........
######.##..#.####### #######
#.)...........# #.....#
#.####.##.....# #.....#
#.#@[.........# #.....#
#.#)o#..##.#..# #.....#
#.#........#..# #.....#
#.#......#.#..#####
#.....####......#.#.#..#...#
#...................#..#.#.##
#.....#####....###..#..#.....
#.....# #............###.#.
#.....# ##..#.#.#.##.#...#.


You could see an orc.

Vanquished Creatures
  2 orc wizards (D:2)
  A shadow imp (D:2)
  3 dart slugs (D:1)
  2 orcs (D:2)
  7 bats
  3 giant cockroaches
  8 goblins
  3 hobgoblins
  8 jackals (D:2)
  2 ball pythons
  5 frilled lizards
  3 kobolds
  4 rats
51 creatures vanquished.

Notes
Turn   | Place    | Note
-------+----------+-------------------------------------------
     0 | D:1      | Folque the Draconian Earth Elementalist began the quest for
                  | the Orb.
     0 | D:1      | Reached XP level 1. HP: 14/14 MP: 3/3
   101 | D:1      | Reached skill level 1 in Fighting
   176 | D:1      | Reached XP level 2. HP: 23/23 MP: 5/5
   181 | D:1      | Learned a level 2 spell: Passwall
   458 | D:1      | Reached XP level 3. HP: 29/29 MP: 6/6
   469 | D:1      | Learned a level 3 spell: Stone Arrow
   949 | D:2      | Reached skill level 1 in Conjurations
  1662 | D:2      | Reached XP level 4. HP: 16/36 MP: 2/8
  1955 | D:2      | Slain by an orc

Skill      XL: |  1  2  3  4 |
---------------+-------------+-----
Fighting       | 1 2 |  2.0
Conjurations   | 1 2 |  2.1
Dodging        | |  1.7
Stealth        | |  1.7
Spellcasting   | |  2.9
Transmutations | |  1.0
Earth Magic    | |  3.8

Action                   |  1- 3 |  4- 6 || total
-------------------------+-------+-------++-------
Melee: Unarmed           |    11 |       ||    11
       Dagger            |   148 |    17 ||   165
       Tailslap          |     9 |     3 ||    12
 Cast: Sandblast         |    23 |     8 ||    31
       Stone Arrow       |     2 |     4 ||     6
  Use: Scroll            |     1 |       ||     1
 Stab: Sleeping          |     7 |       ||     7
  Eat: Chunk             |     3 |     1 ||     4
Armor: Skin              |    70 |     2 ||    72
Dodge: Dodged            |   145 |    18 ||   163
